 Dungeon Crawl Stone Soup version 0.21-a0-110-g8e1637b (webtiles) character file.

4865 nikopol the Thaumaturge (level 10, -8/52 HPs)
             Began as a Deep Elf Fire Elementalist on July 7, 2017.
             Was a Believer of Vehumet.
             Mangled by a vampire (13 damage)
             ... on level 9 of the Dungeon.
             The game lasted 01:04:39 (10947 turns).

nikopol the Thaumaturge (DEFE)                     Turns: 10947, Time: 01:04:40

Health: -8/52      AC:  3    Str:  5    XL:     10   Next: 26%
Magic:  3/36       EV: 14    Int: 24    God:    Vehumet [**....]
Gold:   474        SH:  0    Dex: 15    Spells: 17/31 levels left

rFire    . . .     SeeInvis .   I - +1 dagger (pain)
rCold    . . .     Gourm    .   (no shield)
rNeg     . . .     Faith    .   a - +0 robe
rPois    .         Spirit   .   D - +0 helmet "Qiphej" {MP+9}
rElec    .         Reflect  .   (no cloak)
rCorr    .         Harm     .   (no gloves)
MR       +....                  (no boots)
Stlth    +.........             (no amulet)
HPRegen  0.17/turn              (no ring)
MPRegen  0.25/turn              (no ring)

@: confused
A: no striking features
a: Renounce Religion


You were on level 9 of the Dungeon.
You worshipped Vehumet.
Vehumet was pleased with you.
You were hungry.

You visited 2 branches of the dungeon, and saw 10 of its levels.
You also visited: Ossuary.

You collected 474 gold pieces.

Inventory:

Hand Weapons
 i - a +1 short sword
 I - a +1 dagger of pain (weapon)
Armour
 a - a +0 robe (worn)
 D - the +0 helmet "Qiphej" (worn) {MP+9}
   (You found it on level 6 of the Dungeon)

   It affects your magic capacity (+9).
Jewellery
 z - an uncursed ring of stealth {unknown}
Wands
 n - a wand of polymorph (7/24)
 q - a wand of lightning (10/15)
 v - a wand of paralysis (8/24)
 E - a wand of flame (25/48)
 J - a wand of lightning (5/15)
Scrolls
 h - 13 scrolls of remove curse
 j - a scroll of fear
 k - 3 scrolls of fog {unknown}
 l - 2 scrolls of identify
 m - 4 scrolls of teleportation {unknown}
 o - a scroll of noise {unknown}
 p - a scroll of blinking {unknown}
 r - 2 scrolls of amnesia {unknown}
 s - 2 scrolls of immolation {unknown}
 x - 3 scrolls of enchant armour {unknown}
 y - a scroll of enchant weapon
 F - a scroll of random uselessness {unknown}
Potions
 d - a potion of magic {unknown}
 e - 4 potions of brilliance
 f - 2 potions of haste
 g - 4 potions of agility
 t - 2 potions of heal wounds
 u - 3 potions of lignification
 A - 2 potions of curing
 C - a potion of flight
Books
 b - a book of Flames

   Spells                             Type                      Level
   a - Flame Tongue                   Conjuration/Fire             1
   b - Throw Flame                    Conjuration/Fire             2
   c - Conjure Flame                  Conjuration/Fire             3
   d - Inner Flame                    Hexes/Fire                   3
   e - Sticky Flame                   Conjuration/Fire             4
   f - Fireball                       Conjuration/Fire             5
 B - a book of Conjurations

   Spells                             Type                      Level
   a - Magic Dart                     Conjuration                  1
   b - Searing Ray                    Conjuration                  2
   c - Dazzling Spray                 Conjuration/Hexes            3
   d - Fulminant Prism                Conjuration/Hexes            4
   e - Force Lance                    Conjuration/Translocation    4
   f - Iskenderun's Mystic Blast      Conjuration                  4
Miscellaneous
 K - a fan of gales
Comestibles
 c - 6 bread rations
 w - 3 royal jellies
 G - a chunk of flesh
 H - a meat ration


   Skills:
 + Level 1.4 Fighting
 + Level 1.1 Short Blades
 + Level 4.3 Dodging
 + Level 4.4 Stealth
 + Level 11.4 Spellcasting
 + Level 8.8 Conjurations
 + Level 9.6 Fire Magic


You had 17 spell levels left.
You knew the following spells:

 Your Spells              Type           Power        Failure   Level  Hunger
a - Flame Tongue          Conj/Fire      #####        1%          1    None
b - Throw Flame           Conj/Fire      ######       1%          2    None
c - Conjure Flame         Conj/Fire      ######..     1%          3    None
d - Fireball              Conj/Fire      ######....   2%          5    ####...
e - Dazzling Spray        Conj/Hex       #####.       2%          3    None


Dungeon Overview and Level Annotations

Branches:
Dungeon (9/15)             Temple (1/1) D:4
   Lair: D:8-11         Orc: D:9-12

Altars:
Ashenzari
Cheibriados
Dithmenos
Elyvilon
Fedhas
Gozag
Hepliaklqana
Kikubaaqudgha
Makhleb
Nemelex Xobeh
Okawaru
Qazlal
Ru
Sif Muna
Trog
Uskayaw
Vehumet
Wu Jian
Xom
Yredelemnul
Zin
The Shining One


Message History

* * * LOW HITPOINT WARNING * * *
Something draws strength from your injuries!
The orc gives up.
Your magical contamination has completely faded away.
Casting: Flame Tongue
Confirm with . or Enter, or press ? or * to list all spells.
Aiming: Flame Tongue
Press: ? - help, Shift-Dir - straight line, f/p - scorpion
Aim: a scorpion The flame tongue hits something.
You hear some strange, mumbled words.
You are confused.
You're too confused to move!
A vampire appears from thin air!
Reactivating autopickup.
The vampire casts a spell at you.
You easily resist.
You hit the vampire.
The vampire is almost destroyed.
The vampire hits you!
You die...

.#.## ### ##...# ##.#
##..$.###o####.#.####...
.....
.............(.........#
.....
.........)..((<.[......#
.....
........)...(..........#
.....
......).)..............#
.....
.......s|..............#
....H
##.###V####...##.))####
..... . #.@.# ##.####.##
..... ##.## ### ###
..... ### ..... .....
).... ..... ..... .....


You could see a vampire, an orc warrior (fleeing) and a scorpion.

Vanquished Creatures
  An ugly thing (D:8)
  A hippogriff (D:9)
  Sigmund (D:2)
  5 yaks (D:7)
  A water moccasin (D:5)
  An ice beast (D:8)
  2 orc warriors (D:8)
  A sky beast (D:4)
  A black bear (D:8)
  7 ogres
  2 centaurs
  6 bullfrogs
  3 scorpions
  2 howler monkeys
  2 bullfrog zombies
  A quasit (D:7)
  A centaur zombie (Ossuary)
  7 hounds
  A jelly (D:7)
  3 orc priests
  A centaur skeleton (D:9)
  3 bullfrog skeletons
  10 orc wizards
  Ijyb (D:5)
  Jessica (D:5)
  Natasha (twice) (D:3)
  7 worker ants
  A hound zombie (Ossuary)
  A hound skeleton (D:4)
  3 mummies (Ossuary)
  A worker ant zombie (D:9)
  7 gnolls
  9 adders
  5 oozes
  3 adder skeletons
  4 adder zombies (Ossuary)
  A worm (D:2)
  A dart slug (D:4)
  7 leopard geckos
  8 orcs
  4 giant cockroaches
  10 goblins
  13 hobgoblins
  14 jackals
  12 kobolds
  3 quokkas
  2 ball pythons
  7 bats
  3 frilled lizards
  4 gnoll zombies (Ossuary)
  4 goblin zombies (Ossuary)
  4 hobgoblin zombies (Ossuary)
  4 jackal zombies (Ossuary)
  3 kobold zombies (Ossuary)
  A leopard gecko skeleton (D:6)
  3 orc zombies (Ossuary)
  A quokka zombie (Ossuary)
  9 rats
  3 rat zombies (Ossuary)
229 creatures vanquished.

Notes
Turn   | Place    | Note
-------+----------+-------------------------------------------
     0 | D:1      | nikopol the Deep Elf Fire Elementalist began the quest for the Orb.
     0 | D:1      | Reached XP level 1. HP: 10/10 MP: 6/6
   173 | D:1      | Reached XP level 2. HP: 15/15 MP: 5/8
   394 | D:1      | Reached XP level 3. HP: 16/19 MP: 3/9
   514 | D:1      | Learned a level 2 spell: Throw Flame
   518 | D:1      | Learned a level 3 spell: Conjure Flame
   661 | D:2      | Noticed Sigmund
   877 | D:2      | Noticed Natasha
   915 | D:2      | Reached XP level 4. HP: 24/24 MP: 7/11
  1026 | D:2      | Killed Sigmund
  1026 | D:2      | Reached skill level 5 in Spellcasting
  1026 | D:2      | Reached skill level 5 in Fire Magic
  1026 | D:2      | Reached XP level 5. HP: 28/28 MP: 4/14
  1296 | D:2      | HP: 1/28 [gnoll/whip (10)]
  1462 | D:2      | Reached XP level 6. HP: 18/32 MP: 5/16
  2207 | D:3      | Learned a level 5 spell: Fireball
  2840 | D:3      | Killed Natasha
  2962 | D:3      | Noticed Natasha
  2965 | D:3      | Killed Natasha
  2965 | D:3      | Reached skill level 6 in Spellcasting
  3225 | D:4      | Found a sand-covered staircase.
  3230 | Ossuary  | Entered an ossuary
  4035 | Ossuary  | Reached XP level 7. HP: 36/36 MP: 9/18
  4290 | D:4      | Found a staircase to the Ecumenical Temple.
  4307 | Temple   | Entered the Ecumenical Temple
  4341 | Temple   | Became a worshipper of Vehumet
  4630 | D:4      | Reached skill level 7 in Spellcasting
  5351 | D:4      | Reached XP level 8. HP: 42/42 MP: 12/21
  5411 | D:5      | Entered Level 5 of the Dungeon
  5530 | D:5      | Noticed Ijyb
  5534 | D:5      | Reached skill level 8 in Spellcasting
  5535 | D:5      | Killed Ijyb
  5591 | D:5      | Reached skill level 5 in Conjurations
  6284 | D:5      | Noticed Jessica
  6293 | D:5      | Killed Jessica
  6305 | D:5      | Found a deep blue altar of Sif Muna.
  6374 | D:5      | Found an ornate altar of the Wu Jian Council.
  6374 | D:5      | Found a burning altar of Makhleb.
  6702 | D:6      | Reached skill level 1 in Fighting
  7228 | D:6      | Reached skill level 9 in Spellcasting
  7326 | D:6      | Got a transparent helmet
  7332 | D:6      | Identified the +0 helmet "Qiphej" {MP+9} (You found it on level 6 of the Dungeon)
  7918 | D:7      | Reached * piety under Vehumet
  7918 | D:7      | Offered knowledge of Freeze by Vehumet.
  7923 | D:7      | Learned a level 3 spell: Dazzling Spray
  8002 | D:7      | Reached XP level 9. HP: 47/47 MP: 20/24
  8099 | D:7      | Reached skill level 10 in Spellcasting
  8882 | D:8      | Found a glowing silver altar of Zin.
  9345 | D:8      | Offered knowledge of Sandblast by Vehumet.
  9445 | D:8      | Reached ** piety under Vehumet
  9506 | D:8      | Noticed a brown ugly thing
  9512 | D:8      | Killed a brown ugly thing
  9512 | D:8      | Reached skill level 1 in Short Blades
  9748 | D:8      | Reached XP level 10. HP: 52/52 MP: 26/26
  9827 | D:8      | Reached skill level 11 in Spellcasting
 10221 | D:9      | Noticed a two-headed ogre
 10937 | D:9      | Offered knowledge of Stone Arrow by Vehumet.
 10947 | D:9      | Mangled by a vampire

Vault maps used:
D:1:      dpeg_arrival_court
D:2:      uniq_natasha, uniq_sigmund
D:4:      minmay_temple_entry_large_hall, enter_ossuary_2, first_bread,
          kennysheep_cross_bottleneck, moated_statue
D:5:      gammafunk_temple_overflow_statue, tgw_sif, uniq_ijyb
D:8:      overflow_temple_1_default
Temple:   dpeg_five_rooms_temple
Ossuary:  minmay_ossuary_two_tombs

Skill      XL: |  1  2  3  4  5  6  7  8  9 10 |
---------------+-------------------------------+-----
Stealth        | 3 4 |  4.4
Fire Magic     | 4 5 6 7 9 |  9.6
Spellcasting   | 5 6 7 9 10 11 | 11.4
Conjurations   | 2 3 4 6 8 |  8.8
Dodging        | 3 4 |  4.3
Fighting       | 1 |  1.4
Short Blades   | 1 |  1.1

Action                   |  1- 3 |  4- 6 |  7- 9 | 10-12 || total
-------------------------+-------+-------+-------+-------++-------
Melee: Short sword       |       |       |    16 |       ||    16
       Dagger            |       |       |       |     1 ||     1
 Cast: Flame Tongue      |    58 |   155 |   223 |    79 ||   515
       Throw Flame       |     2 |    38 |    51 |    12 ||   103
       Conjure Flame     |       |     4 |    14 |     3 ||    21
       Fireball          |       |       |    12 |     8 ||    20
       Dazzling Spray    |       |       |     3 |     1 ||     4
  Use: Scroll            |       |     4 |     9 |     1 ||    14
       Potion            |       |       |     2 |       ||     2
  Eat: Chunk             |       |     7 |    12 |     4 ||    23
       Meat ration       |       |     1 |     1 |       ||     2
Armor: Robe              |     3 |     8 |    15 |     6 ||    32
Dodge: Dodged            |    13 |    23 |    63 |    14 ||   113
